 Dungeon Crawl Stone Soup version 0.17-a0-1174-ge06b3cc (webtiles) character file.

25 onwiheg the Digger (level 2, 1/20 HPs)
             Began as a Demigod Earth Elementalist on May 29, 2015.
             Quit the game on level 2 of the Dungeon.
             The game lasted 00:03:00 (844 turns).

onwiheg the Digger (Demigod Earth Elementalist)      Turns: 844, Time: 00:03:00

Health: 1/20       AC:  2    Str: 11    XL:     2   Next: 63%
Magic:  0/7        EV: 12    Int: 19    God:
Gold:   57         SH:  0    Dex: 16    Spells: 1 memorised, 3 levels left

rFire  . . .     SeeInvis .     a - 3 stones
rCold  . . .     Clarity  .     b - +0 robe
rNeg   . . .     SustAt   +     (no shield)
rPois  .         Gourm    .     (no helmet)
rElec  .         Spirit   .     (no cloak)
rCorr  .         Warding  .     (no gloves)
rMut   .         Stasis   .     (no boots)
MR     .....                    (no amulet)
Stlth  ++........               (no ring)
                                (no ring)

@: very slightly contaminated, not resistant to hostile enchantments, unstealthy
A: high mp 1, sustain attributes
a: no special abilities


You were on level 2 of the Dungeon.
You were not hungry.

You visited 1 branch of the dungeon, and saw 2 of its levels.

You collected 57 gold pieces.

Inventory:

Missiles
 a - 3 stones (in hand)
Armour
 b - a +0 robe (worn)
Scrolls
 j - a scroll of immolation {unknown}
 k - a scroll of blinking {unknown}
Potions
 e - 2 potions of curing {unknown}
 h - a potion of heal wounds {unknown}
 l - a potion of flight {unknown}
Books
 c - a book of Geomancy

   Spells                             Type                      Level
   a - Sandblast                      Earth                        1
   b - Stoneskin                      Transmutation/Earth          2
   c - Passwall                       Transmutation/Earth          3
   d - Stone Arrow                    Conjuration/Earth            3
   e - Petrify                        Transmutation/Earth          4
   f - Lee's Rapid Deconstruction     Earth                        5
Comestibles
 d - 3 bread rations
 f - a meat ration
 g - 3 fruits


   Skills:
 - Level 1.7 Dodging
 - Level 1.7 Stealth
 - Level 1.7 Spellcasting
   Level 0.8 Transmutations
 + Level 3.7 Earth Magic


You had 3 spell levels left.
You knew the following spells:

 Your Spells              Type           Power        Failure   Level  Hunger
a - Sandblast             Erth           ###...       4%          1    #......


Dungeon Overview and Level Annotations

Branches:
Dungeon (2/15)

Annotations:
D:2 Robin


Innate Abilities, Weirdness & Mutations

You have an increased reservoir of magic (+10% MP).
Your attributes are resistant to harm.


Message History

The goblin hits you but does no damage.
A giant cockroach comes into view.
Casting: Sandblast
Confirm with . or Enter, or press ? or * to list all spells.
Aiming: Sandblast
Press: ? - help, Shift-Dir - straight line, f - goblin
Aim: a goblin, wielding a dagger (consumed by blood-lust)
The rocky blast hits the goblin.
You kill the goblin!
Robin throws the goblin at you!
* * * LOW HITPOINT WARNING * * *
The goblin hits you with a dagger.
* * * LOW HITPOINT WARNING * * *
Really attack while wielding your 3 stones? [Y]es or [N]o only, please.
Really attack while wielding your 3 stones?
Okay, then.
Quiver which item? (- for none, * to show all) (? for menu, Esc to quit)
Okay, then.
Are you sure you want to abandon this character and quit the game? (Confirm with "yes".)

#.#.#..... .........#
.#.#....# ........#
#.##....# # #
#.##....#.#.
#.###.####g##........
...[...g@ggg(.s......
#..##.#####g.<..##.#
.. #............. ...
#.##.g#...#..# ... #
#gggg...# .# ..
.....g...# .
..#.........
...#...#.###. .. #...
.. ..


You could see Robin, a giant cockroach, a hobgoblin (frenzied) and 4 goblins.

Vanquished Creatures
  2 giant cockroaches (D:1)
  3 hobgoblins
  6 jackals
  4 kobolds
  6 goblins
  2 rats (D:1)
23 creatures vanquished.

Notes
Turn   | Place    | Note
--------------------------------------------------------------
     0 | D:1      | onwiheg the Demigod Earth Elementalist began the quest for the Orb.
     0 | D:1      | Reached XP level 1. HP: 14/14 MP: 5/5
   174 | D:1      | Reached skill level 3 in Earth Magic
   443 | D:1      | Reached XP level 2. HP: 18/20 MP: 0/7
   828 | D:2      | Noticed Robin
   843 | D:2      | HP: 1/20 [goblin/dagger[Robin] (1)]
   844 | D:2      | Quit the game

Vault maps used:
D:1:      minmay_arrival_solitary_statue, kennysheep_another_room
D:2:      nicolae_overflow_crystal_walls, serial_glass, glass_columns_c,
          glass_columns_b, first_bread, minmay_stone_trees_small, st_stairs_1,
          uniq_iyjb, uniq_natasha, uniq_robin, uniq_jessica

Action                   || total
-------------------------++-------
 Cast: Sandblast         ||    32
